 Dungeon Crawl Stone Soup version 0.28.0-53-g5a82cb258f (webtiles) character file.

Game seed: 448801470687704547

137 Stomo the Skirmisher (level 5, -5/42 HPs)
             Began as a Demonspawn Monk on July 2, 2022.
             Splashed by a jelly's acid (6 damage)
             ... on level 3 of the Dungeon.
             The game lasted 00:02:42 (3165 turns).

Stomo the Skirmisher (Demonspawn Monk)              Turns: 3165, Time: 00:02:43

Health: -5/42      AC: -5    Str: 13    XL:     5   Next: 0%
Magic:  5/5        EV: 13    Int: 12    God:
Gold:   106        SH:  0    Dex: 15    Spells: 4/4 levels left

rFire   . . .      SeeInvis .   c - +1 whip (drain)
rCold   . . .      Faith    .   (no shield)
rNeg    . . .      Spirit   .   b - +0 robe
rPois   .          Reflect  .   (helmet restricted)
rElec   .          Harm     .   (no cloak)
rCorr   .          Rampage  .   (no gloves)
Will    .....                   (no boots)
Stlth   ++........              (no amulet)
HPRegen 0.14/turn               (no ring)
MPRegen 0.18/turn               (no ring)

@: corroded
A: antennae 1, ignite blood 1, magic regeneration
a: no special abilities


You were on level 3 of the Dungeon.
You visited 1 branch of the dungeon, and saw 3 of its levels.

You collected 106 gold pieces.

Inventory:

Hand Weapons
 a - a +0 mace of chaos
 c - a +1 whip of draining (weapon)
Armour
 b - a +0 robe (worn)
Jewellery
 e - a +6 ring of dexterity
Scrolls
 d - a scroll of immolation {unknown}
 f - 2 scrolls of identify {unknown}
Potions
 g - a potion of invisibility {unknown}
 h - a potion of curing
 i - a potion of degeneration {unknown}
 j - a potion of lignification {unknown}


   Skills:
 + Level 4.0 Fighting
 + Level 3.6 Maces & Flails
 - Level 1.0 Armour
 + Level 3.6 Dodging
 - Level 1.7 Stealth


You had 4 spell levels left.
You didn't know any spells.
Your spell library contained the following spells:

 Spells                   Type           Power      Damage    Failure   Level
 Freeze                   Ice            0%         1d3       32%         1
 Frozen Ramparts          Ice            0%         1d2       69%         3
 Hailstorm                Conj/Ice       0%         3d3       97%         4


Dungeon Overview and Level Annotations

Branches:
Dungeon (3/15)

Altars:


Innate Abilities, Weirdness & Mutations

You have a pair of small antennae on your head.
Your demonic aura sometimes causes spilled blood to erupt in flames.
You regenerate magic rapidly.


Message History

Things that are here:
a +0 club; an adder corpse; a goblin corpse You feel sick.
You feel sick.
Things that are here:
a +0 club; an adder corpse; a goblin corpse You feel sick.
You are no longer poisoned.
You open the door.
Found a stone staircase leading up.
There is an open door here.
A jelly comes into view.
A jelly is nearby!
A jelly is nearby!
A jelly is nearby!
A ball python comes into view.
The ball python closely misses you. The ball python misses you.
You hit the ball python.
You kill the ball python!
You see here a ball python corpse.
The jelly hits you.
You are splashed with acid!
You hit the jelly. You drain the jelly.
Your hands burn!
The jelly is heavily wounded.
The jelly hits you.
You are splashed with acid!
You hit the jelly but do no damage. You drain the jelly. The acid corrodes you!
Your hands burn!
The jelly is heavily wounded.
The jelly hits you. The acid corrodes you!
You are splashed with acid!
* * * LOW HITPOINT WARNING * * *
You hit the jelly but do no damage.
Your hands burn!
* * * LOW HITPOINT WARNING * * *
The jelly is heavily wounded.
The jelly barely misses you.
You hit the jelly but do no damage.
Your hands burn!
* * * LOW HITPOINT WARNING * * *
The jelly is heavily wounded.
The jelly hits you.
* * * LOW HITPOINT WARNING * * *
You are splashed with acid.
You die...

..... #... #... ##..
#... ### #.#♣#..# #..
♣......# #.# #J@#+##
###.#### #.#...##
#......# #..†...##
##.#....# #.......##
##.#....## ##........#
.........## ##.........+
...#......###..........#
##............#.......##
#####.#########..<..##


You could see a jelly (drained).

Vanquished Creatures
  A jelly (D:3)
  3 gnolls (D:2)
  2 adders
  A worm (D:2)
  5 dart slugs
  3 endoplasms (D:1)
  2 giant cockroaches
  6 goblins
  3 hobgoblins
  A jackal (D:1)
  3 kobolds (D:1)
  2 quokkas
  5 ball pythons
  4 bats (D:1)
  4 frilled lizards
  2 rats (D:1)
47 creatures vanquished.

Notes
Turn   | Place    | Note
-------+----------+-------------------------------------------
     0 | D:1      | Stomo the Demonspawn Monk began the quest for the Orb.
     0 | D:1      | Reached XP level 1. HP: 18/18 MP: 1/1
   147 | D:1      | Gained mutation: You regenerate magic rapidly. [demonic
                  | ancestry]
   147 | D:1      | Reached XP level 2. HP: 8/24 MP: 2/2
   895 | D:1      | Reached skill level 1 in Armour
  1062 | D:1      | Reached XP level 3. HP: 28/29 MP: 3/3
  1398 | D:2      | HP: 1/29 [gnoll/+0 whip (7)]
  1926 | D:2      | Gained mutation: Your demonic aura sometimes causes spilled
                  | blood to erupt in flames. [demonic ancestry]
  1926 | D:2      | Reached XP level 4. HP: 15/35 MP: 4/4
  2994 | D:3      | Reached skill level 4 in Fighting
  2994 | D:3      | Gained mutation: You have a pair of small antennae on your
                  | head. [demonic ancestry]
  2994 | D:3      | Reached XP level 5. HP: 25/42 MP: 5/5
  3165 | D:3      | HP: 2/42 [acid (5)]
  3165 | D:3      | Splashed by a jelly's acid

Illustrated notes

Levels and vault maps discovered:
D:1:      evilmike_arrival_home_sweet_home, layout_loops_ring,
          minmay_misc_feat_room, minmay_indecisive_spiral
D:2:      layout_loops_cross
D:3:      layout_loops_corners, amethyst_overflow_temple_binary, kennysheep_nub,
          kennysheep_nondescript, amethyst_killhole, hex_large

Skill      XL: |  1  2  3  4 |
---------------+-------------+-----
Dodging        | 3 |  3.6
Armour         | 1 |  1.0
Maces & Flails | 3 |  3.6
Fighting       | 4 |  4.0
Stealth        | |  1.7

Action                   |  1- 3 |  4- 6 || total
-------------------------+-------+-------++-------
Melee: Mace              |   116 |       ||   116
       Punch             |     2 |       ||     2
       Whip              |       |    40 ||    40
  Use: Scroll            |     3 |       ||     3
       Potion            |     2 |       ||     2
 Stab: Sleeping          |     2 |     2 ||     4
       Confused          |     1 |       ||     1
Armor: Robe              |    28 |     4 ||    32
Dodge: Dodged            |   105 |    11 ||   116
